 Dungeon Crawl Stone Soup version 0.16.2-12-gd0ad4c3 (webtiles) character file.

57 CuntPokingMan the Skirmisher (level 4, 0/32 HPs)
             Began as an Octopode Transmuter on Sept 15, 2015.
             Slain by a jackal (2 damage)
             ... on level 2 of the Dungeon.
             The game lasted 00:06:31 (914 turns).

CuntPokingMan the Skirmisher (Octopode Transmuter)   Turns: 914, Time: 00:06:31

Health: 0/32       AC:  1    Str:  9    XL:     4   Next: 0%
Magic:  7/7        EV: 12    Int: 15    God:
Gold:   41         SH:  0    Dex: 13    Spells: 3 memorised, 1 level left

rFire  + . .     SeeInvis .       - Unarmed
rCold  x . .     Clarity  .     (no shield)
rNeg   . . .     SustAb   .     (helmet restricted)
rPois  .         Gourm    .     (no amulet)
rElec  .         Spirit   .     h - ring of fire
rCorr  .         Warding  .     (no ring)
rMut   .         Stasis   .     (no ring)
MR     .....                    (no ring)
Stlth  ++........               (no ring)
                                (no ring)
                                (no ring)
                                (no ring)

@: confused, appendage, not resistant to hostile enchantments, unstealthy
A: almost no armour, amphibious, 8 rings, constrict 8, tentacle spike 3,
camouflage 1, gelatinous body 1
a: End Transformation


You were on level 2 of the Dungeon.
You were not hungry.
One of your tentacles had a temporary spike.
You visited 1 branch of the dungeon, and saw 2 of its levels.

You collected 41 gold pieces.

Inventory:

Missiles
 b - 32 arrows
Jewellery
 h - a ring of fire (left tentacle)
Scrolls
 c - a scroll of identify
 e - a scroll of teleportation {unknown}
 g - a scroll of enchant armour {unknown}
Potions
 j - a potion of brilliance {unknown}
 l - a potion of cancellation {unknown}
Books
 d - a book of Changes

   Spells                             Type                      Level
   a - Beastly Appendage              Transmutation                1
   b - Sticks to Snakes               Transmutation                2
   c - Spider Form                    Transmutation/Poison         3
   d - Ice Form                       Ice/Transmutation            4
   e - Blade Hands                    Transmutation                5
Comestibles
 a - 2 bread rations
 f - a beef jerky
 k - a meat ration
 m - 4 chunks of flesh


   Skills:
 + Level 3.6 Fighting
 - Level 2.0 Dodging
 - Level 3.0 Unarmed Combat
 - Level 2.0 Spellcasting
 - Level 2.0 Transmutations
 + Level 0.5 Poison Magic


You had one spell level left.
You knew the following spells:

 Your Spells              Type           Power        Failure   Level  Hunger
a - Beastly Appendage     Trmt           #.....       12%         1    #......
b - Spider Form           Trmt/Pois      #.........   43%         3    ###....
c - Sticks to Snakes      Trmt           #.........   14%         2    ###....


Dungeon Overview and Level Annotations

Branches:
Dungeon (2/15)

Altars:


Innate Abilities, Weirdness & Mutations

You cannot wear most types of armour.
You are amphibious.
You can wear up to eight rings at the same time.
You can use your tentacles to constrict many enemies at once.
Your skin changes colour to match your surroundings (Stealth).
Your rubbery body absorbs attacks (AC +1).
One of your tentacles bears a large vicious spike.


Message History

You feel invigorated. The jackal barely misses you. The jackal bites you.
* * * LOW HITPOINT WARNING * * *
The jackal bites you.
* * * LOW HITPOINT WARNING * * *
The jackal bites you.
* * * LOW HITPOINT WARNING * * *
The rat barely misses you.
You closely miss the jackal.
The jackal bites you but does no damage.
The jackal misses you. The jackal closely misses you. The rat bites you.
* * * LOW HITPOINT WARNING * * *
You tentacle-slap the rat.
You kill the rat!
You have reached level 4!
The jackal bites you.
* * * LOW HITPOINT WARNING * * *
The jackal bites you.
* * * LOW HITPOINT WARNING * * *
The jackal bites you.
You die...

.......#... .
............. ....
.)...[###..... #.....
......###..#.. ..w....
.........#....##.......#
................#.....
....(...............# .
...............h.h..#.#
................@h....#
######..............###
#..............##
#...............#
#...)..........##
#..............#
###............#
#.........####
###########


You could see a worm and 3 jackals.

Vanquished Creatures
  2 adders (D:2)
  A worm (D:2)
  A giant gecko (D:1)
  3 bats
  A giant cockroach (D:1)
  4 goblins
  6 hobgoblins
  A jackal (D:2)
  A kobold (D:1)
  3 ball pythons
  2 giant newts (D:1)
  13 rats
38 creatures vanquished.

Notes
Turn   | Place    | Note
--------------------------------------------------------------
     0 | D:1      | CuntPokingMan, the Octopode Transmuter, began the quest for the Orb.
     0 | D:1      | Reached XP level 1. HP: 13/13 MP: 3/3
   188 | D:1      | Reached XP level 2. HP: 12/19 MP: 2/4
   727 | D:2      | Reached XP level 3. HP: 23/26 MP: 4/6
   749 | D:2      | Learned a level 3 spell: Spider Form
   752 | D:2      | Learned a level 2 spell: Sticks to Snakes
   914 | D:2      | Reached XP level 4. HP: 3/32 MP: 7/7
   914 | D:2      | Slain by a jackal

Action                   |  1- 3 |  4- 6 || total
-------------------------+-------+-------++-------
Melee: Unarmed           |    81 |       ||    81
 Cast: Beastly Appendage |    14 |       ||    14
       Sticks to Snakes  |     3 |       ||     3
       Spider Form       |     1 |       ||     1
  Use: Scroll            |     1 |       ||     1
       Potion            |     1 |       ||     1
 Stab: Sleeping          |     3 |       ||     3
  Eat: Chunk             |     1 |       ||     1
